 Dungeon Crawl Stone Soup version 0.29.1-15-g9cfb28693d (webtiles) character file.

Game seed: 1839380342346576929

65 croobank the Ruffian (level 3, -4/36 HPs)
             Began as a Troll Fighter on Apr 23, 2023.
             Constricted to death by Duvessa (6 damage)
             ... on level 4 of the Dungeon.
             The game lasted 00:03:51 (1993 turns).

croobank the Ruffian (Troll Fighter)                Turns: 1993, Time: 00:03:51

Health: -4/36      AC:  4    Str: 24    XL:     3   Next: 92%
Magic:  11/11      EV:  5    Int:  6    God:
Gold:   204        SH:  7    Dex:  9    Spells: 2/2 levels left

rFire   . . .      SeeInvis +   r - +11 falchion of Excruciating Pain {venom, MP+9 SInv Stlth+}
rCold   . . .      Faith    .   b - +0 kite shield
rNeg    . . .      Spirit   .   a - +0 robe
rPois   .          Reflect  .   (helmet restricted)
rElec   .          Harm     .   (no cloak)
rCorr   .          Rampage  .   (gloves unavailable)
Will    .....                   (boots unavailable)
Stlth   ++........              (no amulet)
HPRegen 0.92/turn               (no ring)
MPRegen 0.12/turn               (no ring)

@: mighty, grasped by roots, constricted
A: large, unfitting armour, claws 3, regeneration 1, shaggy fur 1, tough skin 1
a: no special abilities


You were on level 4 of the Dungeon.
You visited 1 branch of the dungeon, and saw 4 of its levels.

You collected 204 gold pieces.

Inventory:

Hand Weapons
 r - the +11 falchion of Excruciating Pain (weapon) {venom, MP+9 SInv Stlth+}
   (You found it on level 3 of the Dungeon)

   It poisons the flesh of those it strikes.
   MP:        It affects your magic capacity (+9).
   SInv:      It lets you see invisible.
   Stlth:     It makes you more stealthy.
Missiles
 f - 8 poisoned darts (quivered)
 k - 6 boomerangs
 p - 5 javelins
Armour
 a - a +0 robe (worn)
 b - a +0 kite shield (worn)
Jewellery
 s - a ring of poison resistance
Scrolls
 d - a scroll of blinking
 m - a scroll of amnesia
 o - a scroll of fear
 t - a scroll of immolation {unknown}
 u - a scroll of teleportation {unknown}
Potions
 e - 2 potions of heal wounds
 h - a potion of haste
 i - a potion of magic
 j - 3 potions of attraction
 n - a potion of lignification
 q - a potion of resistance


   Skills:
 + Level 2.9 Fighting
 - Level 2.4 Dodging
 + Level 3.2 Shields
 * Level 3.3 Unarmed Combat


You had 2 spell levels left.
You didn't know any spells.
Your spell library contained the following spells:

 Spells                   Type           Power      Damage    Failure   Level
 Apportation              Tloc           0%         N/A       75%         1
 Necrotise                Necr           0%         1d4       75%         1
 Summon Small Mammal      Summ           0%         N/A       75%         1
 Ozocubu's Armour         Ice            0%         N/A       98%         3
 Vampiric Draining        Necr           0%         2d6       98%         3
 Agony                    Necr           0%         N/A       100%        5
 Metabolic Englaciation   Hex/Ice        0%         N/A       100%        5
 Conjure Ball Lightning   Conj/Air       0%         3x3d6     100%        6
 Simulacrum               Ice/Necr       0%         N/A       100%        6
 Discord                  Hex            0%         N/A       100%        8
 Disjunction              Tloc           0%         N/A       100%        8


Dungeon Overview and Level Annotations

Branches:
Dungeon (4/15)
 Temple: D:4-7

Altars:
The Shining One

Shops:
D:3 (

Annotations:
D:4 Dowan, Duvessa


Innate Abilities, Weirdness & Mutations

You are too large for most types of armour.
You have claws for hands.
Your natural rate of healing is unusually fast.
You are covered in fur. (AC +1)
You have tough skin. (AC +1)


Message History

You hear a shout! x2
Okay, then.
Found a ring mail.
You see here a +0 ring mail.
Duvessa, Sister of Dowan comes into view.
She is wielding a +0 rapier and carrying a wand of roots (14).
As you read the scroll of identify, it crumbles to dust.
m - a scroll of amnesia
As you read the scroll of identify, it crumbles to dust.
o - a scroll of fear Duvessa zaps a wand.
The roots erupt in riotous growth!
The grasping roots grab you! The grasping roots constrict you.
You hear a shout!
Okay, then.
You escape the roots grasp.
You feel very mighty all of a sudden.
You slash Duvessa!
Duvessa is poisoned.
Duvessa is moderately wounded.
Dowan, Brother of Duvessa comes into view.
He is wielding a +0 dagger and wearing a +0 robe of resistance.
Duvessa hits you with a +0 rapier!
You slash Duvessa!
Duvessa looks as sick as possible!
Duvessa is severely wounded.
Dowan points at Duvessa and mumbles some strange words.
Duvessa seems to speed up.
Duvessa hits you with a +0 rapier.
You closely miss Duvessa.
Duvessa is almost dead.
Duvessa gestures with her weapon.
Duvessa hits you with a +0 rapier.
Dowan casts a spell.
Dowan blinks!
Duvessa zaps a wand.
The roots erupt in riotous growth!
The grasping roots grab you!
Duvessa is unaffected.
The grasping roots constrict you. Duvessa hits you but does no damage.
The grasping roots constrict you.
* * * LOW HITPOINT WARNING * * *
You barely miss Duvessa.
Duvessa is almost dead.
Duvessa hits you with a +0 rapier!
* * * LOW HITPOINT WARNING * * *
The grasping roots constrict you.
You die...

###########
#........[#
#.#######.#
#@# #.# #e#
#.# #e# #.#
#.# #.# #.#
#.# #.# #.#
#.. #.# ###
#.#######
#......<#


You could see Duvessa (fast, extremely poisoned) and Dowan.

Vanquished Creatures
  2 adders
  3 dart slugs
  5 bats
  3 endoplasms
  A giant cockroach (D:1)
  5 hobgoblins
  2 jackals (D:2)
  A quokka (D:1)
  6 ball pythons
  7 goblins
  2 kobolds
  A rat (D:3)
38 creatures vanquished.

Vanquished Creatures (others)
  6 plants (D:1)
6 creatures vanquished.

Grand Total: 44 creatures vanquished

Notes
Turn   | Place    | Note
-------+----------+-------------------------------------------
     0 | D:1      | croobank the Troll Fighter began the quest for the Orb.
     0 | D:1      | Reached XP level 1. HP: 22/22 MP: 0/0
   352 | D:1      | Reached XP level 2. HP: 29/29 MP: 1/1
  1020 | D:2      | Found a faded altar of an unknown god.
  1077 | D:2      | Reached XP level 3. HP: 36/36 MP: 2/2
  1085 | D:2      | Found a glowing golden altar of the Shining One.
  1304 | D:3      | Identified the +11 falchion of Excruciating Pain {venom,
                  | MP+9 SInv Stlth+}
  1563 | D:3      | Found Geacaogo's Antique Weapon Shop.
  1984 | D:4      | Noticed Duvessa
  1990 | D:4      | Noticed Dowan
  1993 | D:4      | Constricted to death by Duvessa

Illustrated notes

Levels and vault maps discovered:
D:1:      psy_arrival_fountain, layout_loops_ring, serial_forest,
          infiniplex_forest_end_3, infiniplex_forest_zigzag_2,
          infiniplex_forest_lined_room_, infiniplex_forest_lined_3,
          infiniplex_forest_lined_3, infiniplex_forest_clump_medium,
          infiniplex_forest_clump_cross, infiniplex_forest_clump_medium,
          infiniplex_forest_lined_4_way
D:2:      layout_rooms, ebering_ecumenical_altar_petrified, basic_altar
D:3:      layout_basic, serial_shops, nicolae_shop_hallway_plus, st_stairs_1
D:4:      layout_basic, nicolae_ru_the_path_less_chosen,
          minmay_temple_entry_mini_moons, uniq_sigmund, uniq_duvessa,
          uniq_blork_the_orc, uniq_menkaure

Skill      XL: |  1  2  3 |
---------------+----------+-----
Shields        | 3 |  3.2
Unarmed Combat | 3 |  3.3
Fighting       | |  2.9
Dodging        | |  2.4

Action                   || total
-------------------------++-------
Melee: Unarmed           ||    60
       Falchion          ||    33
  Use: Scroll            ||    10
       Potion            ||     1
Armor: Robe              ||    28
Dodge: Dodged            ||    32
Block: Kite shield       ||    41
